 Dungeon Sprint DCSS version 0.17-a0-1718-g72dbe4d (webtiles) character file.

295 Kidiri the Covert (level 6, -3/28 HPs)
             Began as a Spriggan Enchanter on Aug 26, 2015.
             Was an Initiate of Dithmenos.
             Slain by a spatial vortex (5 damage)
             ... in the Dungeon (Sprint III: "The Ten Rune Challenge").
             The game lasted 00:03:08 (810 turns).

Kidiri the Covert (Spriggan Enchanter)               Turns: 810, Time: 00:03:09

Health: -3/28      AC:  3    Str:  6    XL:     6   Next: 11%
Magic:  0/17       EV: 25    Int: 18    God:    Dithmenos [......]
Gold:   15         SH:  0    Dex: 19    Spells: 5 memorised, 8 levels left

rFire  . . .     SeeInvis +     a - +1 dagger
rCold  . . .     Clarity  .     b - +1 robe
rNeg   . . .     SustAt   .     (shield restricted)
rPois  .         Gourm    .     (helmet restricted)
rElec  .         Spirit   .     (no cloak)
rCorr  .         Warding  .     (gloves unavailable)
rMut   .         NoTele   +     (boots unavailable)
MR     +....                    (no amulet)
Stlth  +++++.....               (no ring)
                                (no ring)

@: very slightly contaminated, very quick, somewhat resistant to hostile
enchantments, quite stealthy
A: unfitting armour, see invisible, agile 1, herbivore 3, speed 3, slow
metabolism 2, strong 1, no device heal 1, MP-powered wands
a: Renounce Religion


You were in the Dungeon.
You worshipped Dithmenos.
Dithmenos was noncommittal.
You were not hungry.

You visited 1 branch You collected 15 gold pieces.

Inventory:

Hand weapons
 a - a +1 dagger (weapon)
Armour
 b - a +1 robe (worn)
Scrolls
 j - a scroll of blinking
 m - a scroll of torment
 n - 3 scrolls of remove curse
 q - a scroll of holy word {unknown}
 r - a scroll of fog {unknown}
Potions
 e - a potion of curing
 f - a potion of heal wounds
 g - a potion of haste
 h - 2 potions of magic
 o - 3 potions of cure mutation
 p - a potion of invisibility
 s - 2 potions of flight
Comestibles
 c - a royal jelly
 d - a bread ration


   Skills:
 + Level 4.6 Short Blades
 * Level 8.9 Dodging
 * Level 10.3 Stealth
 * Level 7.5 Spellcasting
 + Level 1.8 Conjurations
 + Level 6.1 Hexes
 + Level 3.0 Ice Magic
 + Level 0.0 Invocations


You had 8 spell levels left.
You knew the following spells:

 Your Spells              Type           Power        Failure   Level  Hunger
a - Corona                Hex            ####...      1%          1    None
b - Ensorcelled Hibernat  Hex/Ice        ###...       2%          2    None
c - Confuse               Hex            ####....     2%          3    #......
d - Tukima's Dance        Hex            ####....     2%          3    #......
e - Dazzling Spray        Conj/Hex       ###.....     10%         3    #......


Dungeon Overview and Level Annotations

Branches:
Dungeon (1/1)

Altars:
Dithmenos
Gozag
Makhleb
Nemelex Xobeh
Qazlal
Ru
Xom
Jiyva
Lugonu


Innate Abilities, Weirdness & Mutations

You are tiny and cannot use many weapons and most armour.
You have supernaturally acute eyesight.
You are a herbivore.
You cover ground extremely quickly.
You need consume almost no food.
You are agile. (Dex +2)
Your muscles are strong. (Str +2)
Potions and wands are less effective at restoring your health.
You expend magic power (3 MP) to strengthen your wands.


Message History

Casting: Dazzling Spray
Confirm with . or Enter, or press ? or * to list all spells.
Aiming: Dazzling Spray
Press: ? - help, Shift-Dir - straight line, f/p - spatial vortex
Aim: a spatial vortex (heavily damaged)
The spray of energy hits the spatial vortex.
The spatial vortex is heavily damaged.
You hit the spatial vortex.
The spatial vortex is heavily damaged.
You hit the spatial vortex.
The spatial vortex is heavily damaged.
You hit the spatial vortex.
The spatial vortex is severely damaged.
You barely miss the spatial vortex.
The spatial vortex is heavily damaged.
The spatial vortex hits you!!
Ouch! That really hurt!
* * * LOW HITPOINT WARNING * * *
Space bends around you.
You die...

≈♣♣♣♣♣.###+#+###+##
≈...♣..#..........#
≈≈.♣.♣.'.⌠........#
≈≈≈≈.♣.#...######'#
≈≈≈....#.⌠.#__#...#
≈≈.....#...#__#...#
.......#+###__#...#
.......# #__#.v.+
.......# #_.'.@.#
▓▓▓▓▓▓▓▓ ▓▓▓▓▓▓▓▓


You could see a spatial vortex.

Vanquished Creatures
  A shadow (D)
  A water elemental (D)
  A jelly (D)
  A wolf (D)
  A human (D)
  2 oozes (D)
  2 rats (D)
9 creatures vanquished.

Vanquished Creatures (others)
  2 draconian scorchers (D)
  A yaktaur (D)
3 creatures vanquished.

Grand Total: 12 creatures vanquished

Notes
Turn   | Place    | Note
--------------------------------------------------------------
     0 | D        | Kidiri the Spriggan Enchanter began the quest for the Orb.
     0 | D        | Reached XP level 1. HP: 9/9 MP: 5/5
     9 | D        | Reached skill level 5 in Stealth
     9 | D        | Reached XP level 2. HP: 11/13 MP: 5/7
    13 | D        | Learned a level 2 spell: Ensorcelled Hibernation
    43 | D        | Killed a yaktaur
   164 | D        | Noticed a wolf
   172 | D        | Killed a white draconian scorcher
   217 | D        | Killed a wolf
   217 | D        | Reached skill level 5 in Dodging
   217 | D        | Reached skill level 6 in Stealth
   217 | D        | Reached skill level 1 in Ice Magic
   217 | D        | Reached XP level 3. HP: 16/16 MP: 3/9
   217 | D        | Killed a white draconian scorcher
   274 | D        | Learned a level 3 spell: Confuse
   278 | D        | Learned a level 3 spell: Tukima's Dance
   317 | D        | Reached skill level 7 in Stealth
   345 | D        | Gained mutation: You are agile. (Dex +2) [potion of mutation]
   345 | D        | Gained mutation: Your mind is acute. (Int +2) [potion of mutation]
   345 | D        | Lost mutation: Your mind is acute. (Int +2) [potion of mutation]
   346 | D        | Gained mutation: Potions and wands are less effective at restoring your health. [potion of mutation]
   346 | D        | Gained mutation: Your muscles are strong. (Str +2) [potion of mutation]
   346 | D        | Gained mutation: You expend magic power (3 MP) to strengthen your wands. [potion of mutation]
   516 | D        | Noticed a water elemental
   533 | D        | Killed a water elemental
   533 | D        | Reached skill level 8 in Stealth
   533 | D        | Reached skill level 5 in Spellcasting
   533 | D        | Reached skill level 5 in Hexes
   533 | D        | Reached XP level 4. HP: 9/21 MP: 10/12
   624 | D        | Learned a level 3 spell: Dazzling Spray
   755 | D        | Noticed a jelly
   756 | D        | Noticed a shadow
   758 | D        | Killed a shadow
   758 | D        | Reached skill level 10 in Stealth
   758 | D        | Reached skill level 1 in Conjurations
   758 | D        | Reached XP level 5. HP: 24/24 MP: 12/15
   758 | D        | Reached XP level 6. HP: 28/28 MP: 13/17
   762 | D        | Killed a jelly
   787 | D        | Found a stormy altar of Qazlal.
   787 | D        | Noticed a spatial vortex
   788 | D        | Found a sacrificial altar of Ru.
   788 | D        | Found a burning altar of Makhleb.
   788 | D        | Found a viscous altar of Jiyva.
   788 | D        | Found a shimmering altar of Xom.
   788 | D        | Found a shadowy altar of Dithmenos.
   788 | D        | Found a sparkling altar of Nemelex Xobeh.
   788 | D        | Found a corrupted altar of Lugonu.
   788 | D        | Found an opulent altar of Gozag.
   794 | D        | Became a worshipper of Dithmenos the Shadowed
   810 | D        | Slain by a spatial vortex

Vault maps used:
D:        dungeon_sprint_mu

Action                   |  1- 3 |  4- 6 || total
-------------------------+-------+-------++-------
Melee: Dagger            |    27 |     7 ||    34
 Cast: Ensorcelled Hiber |     3 |       ||     3
       Corona            |     2 |       ||     2
       Confuse           |     1 |       ||     1
       Dazzling Spray    |       |     5 ||     5
  Use: Potion            |     3 |       ||     3
       Scroll            |     2 |       ||     2
 Stab: Sleeping          |     5 |     2 ||     7
